 Dungeon Crawl Stone Soup version 0.29.1-15-g9cfb28693d (webtiles) character file.

Game seed: 10475515980815591529

41 megez the Shield-Bearer (level 3, -4/36 HPs)
             Began as a Troll Fighter on Apr 20, 2023.
             Was an Initiate of Gozag.
             Slain by a gnoll
             ... wielding a +0 whip
              (5 damage)
             ... on level 2 of the Dungeon.
             The game lasted 00:02:52 (1018 turns).

megez the Shield-Bearer (Troll Fighter)             Turns: 1018, Time: 00:02:55

Health: -4/36      AC:  4    Str: 24    XL:     3   Next: 32%
Magic:  2/2        EV: 10    Int:  4    God:    Gozag
Gold:   208        SH:  0    Dex: 11    Spells: 2/2 levels left

rFire   . . .      SeeInvis .     - Unarmed
rCold   . . .      Faith    .   (no shield)
rNeg    . . .      Spirit   .   a - +0 robe
rPois   .          Reflect  .   (helmet restricted)
rElec   .          Harm     .   (no cloak)
rCorr   .          Rampage  .   (gloves unavailable)
Will    .....                   (boots unavailable)
Stlth   +.........              (no amulet)
HPRegen 0.92/turn               (no ring)
MPRegen 0.08/turn               (no ring)

@: gold aura
A: large, unfitting armour, claws 3, regeneration 1, shaggy fur 1, tough skin 1
a: Renounce Religion, Potion Petition, Call Merchant, Bribe Branch


You were on level 2 of the Dungeon.
You worshipped Gozag.
Gozag was aware of your devotion.
You visited 1 branch of the dungeon, and saw 2 of its levels.

You collected 208 gold pieces.

Inventory:

Armour
 a - a +0 robe (worn)
 b - a +0 kite shield
Scrolls
 d - 3 scrolls of identify {unknown}
 e - a scroll of immolation
 h - 2 scrolls of blinking {unknown}
Potions
 c - a potion of might
 f - a potion of lignification {unknown}
 g - a potion of invisibility {unknown}
 i - a potion of attraction {unknown}
 j - 2 potions of degeneration {unknown}
 k - a potion of curing {unknown}


   Skills:
 + Level 2.9 Fighting
 + Level 2.7 Dodging
 + Level 3.0 Shields
 + Level 2.4 Unarmed Combat


You had 2 spell levels left.
You didn't know any spells.
Your spell library was empty.

Dungeon Overview and Level Annotations

Branches:
Dungeon (2/15)

Altars:
Gozag

Annotations:
D:1 2 transporters


Innate Abilities, Weirdness & Mutations

You are too large for most types of armour.
You have claws for hands.
Your natural rate of healing is unusually fast.
You are covered in fur. (AC +1)
You have tough skin. (AC +1)


Message History

You are held in a net!
You are held in a net!
You are held in a net!
You are held in a net!
You are held in a net!
You are held in a net!
You are held in a net!
You are held in a net!
You are held in a net!
There are monsters nearby!
You struggle against the net.
The gnoll hits you with a +1 vampiric whip.
You tear a large gash into the net.
The gnoll hits you from afar with a +0 spear.
You rip the net and break free!
The gnoll hits you from afar with a +0 spear.
The gnoll hits you with a +1 vampiric whip.
You scratch the gnoll.
The gnoll is severely wounded.
The gnoll hits you with a +1 vampiric whip!
The gnoll draws strength from your wounds!
The gnoll misses you. The gnoll hits you with a +0 whip.
The gnoll hits you with a +1 vampiric whip.
The gnoll closely misses you. The gnoll hits you with a +0 whip.
* * * LOW HITPOINT WARNING * * *
You barely miss the gnoll.
The gnoll hits you with a +1 vampiric whip.
* * * LOW HITPOINT WARNING * * *
The gnoll draws strength from your wounds!
The gnoll hits you with a +0 spear.
* * * LOW HITPOINT WARNING * * *
The gnoll misses you.
You scratch the gnoll.
The gnoll is moderately wounded.
The gnoll is distracted by your dazzling golden aura.
The gnoll hits you with a +0 spear.
* * * LOW HITPOINT WARNING * * *
The gnoll hits you with a +0 whip.
You die...
Your body crumbles into a pile of gold.

#.......... ..#
##.##....... ...+
###........... ...#
.............. ...#
######.####### #..
#....# #.# #.#######
####$# ###)# #...#
#...g###
#...###'#.###$.g@..###
#.#.........#....g.....#
..#.#.....#.#.....!..#.#
###.......#...#.##...#
#.........##.........#
#.###.....##....!..#...
#.###.....##############
#.#.......# #.........#


You could see 3 gnolls.

Vanquished Creatures
  A worm (D:2)
  2 ball pythons
  5 endoplasms (D:1)
  2 giant cockroaches (D:1)
  5 goblins
  4 hobgoblins
  A quokka (D:2)
  2 bats
  2 frilled lizards
  7 kobolds
  3 rats
34 creatures vanquished.

Notes
Turn   | Place    | Note
-------+----------+-------------------------------------------
     0 | D:1      | megez the Troll Fighter began the quest for the Orb.
     0 | D:1      | Reached XP level 1. HP: 22/22 MP: 0/0
    67 | D:1      | Reached XP level 2. HP: 29/29 MP: 1/1
   241 | D:1      | Found a faded altar of an unknown god.
   254 | D:1      | Prayed at the altar of an unknown god.
   254 | D:1      | Became a worshipper of Gozag Ym Sagoz the Greedy
   381 | D:1      | Reached skill level 3 in Shields
   519 | D:1      | Reached XP level 3. HP: 36/36 MP: 2/2
  1018 | D:2      | HP: 1/36 [gnoll/+0 spear (3)]
  1018 | D:2      | Slain by a gnoll

Illustrated notes

Levels and vault maps discovered:
D:1:      spicycebolla_arrival_transporter_tutorial, layout_basic,
          hellmonk_ecumenical_altar_blasted, serial_corexii_hall,
          chequers_hall_statues_y, chequers_hall_statues_wall_a,
          corexii_hall_statues_x
D:2:      layout_basic

Skill      XL: |  1  2 |
---------------+-------+-----
Shields        | 3 |  3.0
Fighting       | |  2.9
Dodging        | |  2.7
Unarmed Combat | |  2.4

Action                   || total
-------------------------++-------
Melee: Unarmed           ||    75
       Punch             ||     1
 Stab: Sleeping          ||     1
Armor: Robe              ||    15
Dodge: Dodged            ||    39
Block: Kite shield       ||     4
